 Dungeon Crawl Stone Soup version 0.26-a0-812-g31a745ddcd (webtiles) character file.

Game seed: 16765262830753586082

4963 kae the Martial Artist (level 10, -7/70 HPs)
             Began as a Tengu Transmuter on Nov 23, 2020.
             Was a Follower of Wu Jian.
             Mangled by a manticore (12 damage)
             ... on level 11 of the Dungeon.
             The game lasted 00:08:33 (11975 turns).

kae the Martial Artist (Tengu Transmuter)          Turns: 11975, Time: 00:08:33

Health: -7/70      AC:  5    Str: 14    XL:     10   Next: 53%
Magic:  16/19      EV: 17    Int: 13    God:    Wu Jian [*.....]
Gold:   297        SH:  0    Dex: 21    Spells: 6/19 levels left

rFire    . . .     SeeInvis .     - Unarmed
rCold    + + +     Faith    .   (shield currently unavailable)
rNeg     . . .     Spirit   .   (armour currently unavailable)
rPois    +         Reflect  .   (helmet currently unavailable)
rElec    .         Harm     .   (cloak currently unavailable)
rCorr    .         Rampage  .   (gloves currently unavailable)
MR       +....                  (boots unavailable)
Stlth    +++.......             (no amulet)
HPRegen  0.21/turn              c - +6 ring of dexterity
MPRegen  0.16/turn              y - ring of the Suburbs {rF+ rC+ MR+ Stlth+}

@: ice-form, flying quickly and evasively, quick
A: large, able to fly
a: Stop Flying, End Transformation, Renounce Religion


You were on level 11 of the Dungeon.
You worshipped Wu Jian.
Wu Jian was aware of your devotion.
You were a creature of crystalline ice.
You visited 2 branches of the dungeon, and saw 13 of its levels.

You collected 492 gold pieces.
You spent 195 gold pieces at shops.

Inventory:

Armour
 a - a +0 robe
 m - a +0 chain mail
 q - a +1 cloak (melded)
 s - a scarf of harm
 x - the cursed +0 robe of Ferocious Music (melded) {rPois rC+ Str+2 Dex-5}
   (You found it on level 6 of the Dungeon)

   It affects your strength (+2).
   It affects your dexterity (-5).
   It protects you from cold.
   It protects you from poison.
   It has a curse placed upon it.
Jewellery
 c - a +6 ring of dexterity (left front paw)
 i - an uncursed ring of stealth
 l - an uncursed ring of stealth
 p - an uncursed ring of stealth
 y - the ring of the Suburbs (right front paw) {rF+ rC+ MR+ Stlth+}
   (You acquired it on level 7 of the Dungeon)

   [ring of protection from fire]

   It protects you from fire.
   It protects you from cold.
   It affects your resistance to hostile enchantments.
   It makes you more stealthy.
 B - a cursed -4 ring of evasion {unknown}
 F - an uncursed ring of protection from fire {unknown}
Wands
 h - a wand of paralysis (8)
 o - a wand of polymorph (16)
 t - a wand of disintegration (13)
 C - a wand of flame (24)
Scrolls
 b - 4 scrolls of teleportation
 d - 4 scrolls of identify
 e - a scroll of blinking
 j - 2 scrolls of fog
 r - a scroll of amnesia
 w - 4 scrolls of remove curse
 z - 4 scrolls of enchant armour
 A - a scroll of noise {unknown}
Potions
 f - 2 potions of curing
 g - 3 potions of mutation
 k - 2 potions of brilliance
 n - 5 potions of lignification
 u - a potion of haste {unknown}
 v - 3 potions of attraction {unknown}
 D - 3 potions of might {unknown}
 E - a potion of heal wounds


   Skills:
 + Level 5.5 Fighting
 + Level 6.4 Dodging
 * Level 9.2 Unarmed Combat
 + Level 5.4 Spellcasting
 * Level 6.8 Transmutations
 * Level 1.7 Ice Magic
 - Level 3.0 Poison Magic


You had 6 spell levels left.
You knew the following spells:

 Your Spells              Type           Power        Failure   Level
a - Beastly Appendage     Tmut           ###...       1%          1
b - Spider Form           Tmut/Pois      ###.......   7%          3
c - Blade Hands           Tmut           ###.......   30%         5
d - Ice Form              Ice/Tmut       ##......     30%         4

Your spell library contained the following spells:

 Spells                   Type           Power        Failure   Level
 Wereblood                Tmut           ###.....     1%          2


Dungeon Overview and Level Annotations

Branches:
Dungeon (12/15)            Temple (1/1) D:5            Lair (0/6) D:8
    Orc: D:9-12

Altars:
Ashenzari
Cheibriados
Dithmenos
Elyvilon
Fedhas
Gozag
Hepliaklqana
Kikubaaqudgha
Makhleb
Nemelex Xobeh
Okawaru
Qazlal
Ru
Sif Muna
Trog
Uskayaw
Wu Jian
Xom
Yredelemnul
Zin
The Shining One

Shops:
D:7 !

Annotations:
D:4 1 runed translucent door
D:9 3 runed translucent doors, loralnil's ghost, journeyman GnTm


Innate Abilities, Weirdness & Mutations

((You have a beak for a mouth.))
((You have claws for feet.))
You can fly continuously.


Message History

The manticore closely misses you. The manticore claws you.
The manticore misses you.
You pummel the manticore!! You freeze the manticore.
The manticore is severely wounded.
The manticore bites you but does no damage.
The manticore claws you. x2
You hit the manticore. You freeze the manticore.
The manticore is almost dead.
The manticore bites you!! The manticore claws you.
The manticore barely misses you.
You barely miss the manticore.
The manticore is almost dead.
The manticore misses you. The manticore barely misses you.
The manticore claws you!
You hit the manticore but do no damage.
The manticore is almost dead.
The manticore bites you!!
* * * LOW HITPOINT WARNING * * *
The manticore completely misses you. The manticore claws you!
You die...

#............#
#............#
#..###.......#
#..# #.......#
#..# #.......#
#..# #.......#
#..# #.......#
#..# #......)#
#Y.# #.......#
......H..#
#.......#
≈≈≈≈≈≈#..#
#.......#
#######..#
#.......#
#...###.......#
#.............#
#.............#
#...####......#
#...# #.....[#


You could see a manticore.

Vanquished Creatures
  Pikel (D:6)
  3 komodo dragons
  A troll (D:12)
  Sigmund (D:6)
  A basilisk (D:8)
  Grum (D:8)
  An acid dragon (D:8)
  A water moccasin (D:6)
  3 ice beasts
  2 sky beasts
  2 black bears (D:6)
  3 centaurs
  An eye of draining (D:11)
  2 wolves (D:8)
  3 lemures
  A big kobold (D:10)
  5 bullfrogs
  A water moccasin skeleton (D:6)
  4 killer bees (D:11)
  A howler monkey (D:7)
  A hound (D:11)
  An orc priest (D:5)
  2 bullfrog skeletons
  A jelly (D:8)
  Crazy Yiuf (D:6)
  2 centaur skeletons (D:5)
  Terence (D:3)
  2 iguanas
  7 orc wizards
  11 worker ants
  A killer bee zombie (D:6)
  2 hound skeletons
  A worker ant zombie (D:5)
  7 gnolls
  A howler monkey skeleton (D:8)
  8 adders
  2 shadow imps
  2 white imps (D:9)
  2 ufetubi
  2 oozes (D:2)
  An adder zombie (D:8)
  5 worms
  2 dart slugs
  3 leopard geckos
  15 orcs
  12 bats
  8 giant cockroaches
  6 hobgoblins
  4 jackals (D:9)
  13 kobolds
  3 quokkas
  10 goblins
  A jackal skeleton (D:5)
  A leopard gecko zombie (D:6)
  A quokka zombie (D:5)
  6 rats
186 creatures vanquished.

Notes
Turn   | Place    | Note
-------+----------+-------------------------------------------
     0 | D:1      | kae the Tengu Transmuter began the quest for the Orb.
     0 | D:1      | Reached XP level 1. HP: 12/12 MP: 4/4
   283 | D:1      | Reached XP level 2. HP: 15/16 MP: 6/6
  1093 | D:1      | Reached XP level 3. HP: 19/20 MP: 5/7
  1403 | D:2      | Learned a level 3 spell: Spider Form
  1597 | D:2      | Reached XP level 4. HP: 9/25 MP: 2/8
  1601 | D:2      | Reached skill level 1 in Poison Magic
  1925 | D:2      | Found a burning altar of Makhleb.
  1925 | D:2      | Found a glowing silver altar of Zin.
  1926 | D:2      | Noticed an angel
  1926 | D:2      | Noticed a cacodemon
  2196 | D:2      | Reached skill level 4 in Unarmed Combat
  2255 | D:2      | Found a shadowy altar of Dithmenos.
  2596 | D:3      | Noticed Terence
  2608 | D:3      | Killed Terence
  2608 | D:3      | Gained mutation: You can fly continuously. [Tengu growth]
  2608 | D:3      | Reached XP level 5. HP: 28/30 MP: 9/9
  3625 | D:4      | Found a glowing silver altar of Zin.
  3626 | D:4      | Found a runed translucent door.
  3626 | D:4      | Noticed an angel
  3853 | D:4      | Reached XP level 6. HP: 33/35 MP: 8/10
  4642 | D:4      | Found a white marble altar of Elyvilon.
  4856 | D:4      | Found a basalt altar of Yredelemnul.
  4962 | D:5      | Entered Level 5 of the Dungeon
  5000 | D:5      | Reached XP level 7. HP: 40/40 MP: 8/12
  5064 | D:5      | Reached skill level 5 in Unarmed Combat
  6039 | D:5      | Reached XP level 8. HP: 29/46 MP: 10/14
  6162 | D:5      | Found a staircase to the Ecumenical Temple.
  6374 | Temple   | Entered the Ecumenical Temple
  6509 | Temple   | Became a worshipper of the Wu Jian Council
  6606 | D:6      | Reached skill level 6 in Unarmed Combat
  6629 | D:6      | HP: 3/69 [poisoned by a water moccasin]
  7135 | D:6      | Noticed Sigmund
  7389 | D:6      | Killed Sigmund
  7459 | D:6      | Got a transparent robe
  7487 | D:6      | Identified the cursed +0 robe of Ferocious Music {rPois rC+
                  | Str+2 Dex-5} (You found it on level 6 of the Dungeon)
  7549 | D:6      | Noticed Pikel
  8125 | D:6      | Killed Pikel
  8125 | D:6      | Reached skill level 5 in Dodging
  8125 | D:6      | Reached skill level 7 in Unarmed Combat
  8125 | D:6      | Reached skill level 5 in Transmutations
  8125 | D:6      | Reached XP level 9. HP: 35/52 MP: 13/16
  8417 | D:6      | Found a runed translucent door.
  8418 | D:6      | Noticed Crazy Yiuf
  8622 | D:6      | Killed Crazy Yiuf
  8702 | D:7      | Identified a scroll of acquirement
  8702 | D:7      | Acquired the ring of the Suburbs {rF+ rC+ MR+ Stlth+}
  9085 | D:7      | Found Joryt's Distillery.
  9091 | D:7      | Bought a potion of curing for 45 gold pieces
  9091 | D:7      | Bought a potion of heal wounds for 75 gold pieces
  9091 | D:7      | Bought a potion of lignification for 45 gold pieces
  9091 | D:7      | Bought 2 potions of degeneration for 30 gold pieces
  9497 | D:8      | Learned a level 5 spell: Blade Hands
  9502 | D:8      | Learned a level 4 spell: Ice Form
  9519 | D:8      | Noticed Grum
  9533 | D:8      | Reached * piety under Wu Jian
  9533 | D:8      | Reached skill level 8 in Unarmed Combat
  9538 | D:8      | Killed Grum
 10254 | D:8      | Noticed a komodo dragon
 10261 | D:8      | Killed a komodo dragon
 10261 | D:8      | Reached skill level 5 in Fighting
 10261 | D:8      | Reached skill level 5 in Spellcasting
 10261 | D:8      | Reached XP level 10. HP: 59/59 MP: 14/18
 10755 | D:8      | Found a staircase to the Lair.
 11016 | D:9      | Found a runed translucent gate.
 11017 | D:9      | Found a runed translucent gate.
 11018 | D:9      | Found a runed translucent gate.
 11019 | D:9      | Noticed loralnil's ghost (journeyman GnTm)
 11050 | D:9      | You are sucked into a shaft and drop 3 floors!
 11077 | D:12     | Reached skill level 9 in Unarmed Combat
 11077 | D:12     | Reached skill level 1 in Ice Magic
 11465 | D:10     | Entered Level 10 of the Dungeon
 11911 | D:10     | Noticed a two-headed ogre
 11967 | D:11     | Noticed a manticore
 11975 | D:11     | Mangled by a manticore

Illustrated notes

Levels and vault maps discovered:
D:1:      tarquinn_simple_flora_water_a, layout_basic
D:2:      layout_basic, grunt_temple_overflow_order_and_chaos_2,
          lemuel_round_altar
D:3:      layout_rooms, uniq_terence
D:4:      layout_cave_pools, elyvilon_altar_5, kennysheep_mini,
          minmay_misc_feat_hallway, lemuel_angel_altar
D:5:      layout_basic, minmay_temple_entry_butterflies
D:6:      layout_cave_pools, portal_sewer_entry_f, uniq_sigmund, uniq_pikel,
          uniq_crazy_yiuf_cottage
D:7:      layout_loops_ring, serial_shops, kennysheep_little_box,
          nicolae_benzene_ring, grunt_ministairs_1
D:8:      layout_basic, erik_lair_dragon, uniq_grum
D:9:      dragon1_lemuel, layout_loops_corners, vehumet_altar_wand_db,
          ebering_ghost_rock_garden
D:10:     layout_gridville, hiddenorc1_lemuel, uniq_fannar
D:11:     layout_long_grid, serial_shops, nicolae_shop_window_shopping,
          kennysheep_small_spiral, kennysheep_decorative_pillar,
          nrook_loot_triangle, chequers_serial_rivers_small_a,
          grunt_dithmenos_smoke
D:12:     layout_basic
Temple:   nicolae_temple_elliptical

Skill      XL: |  1  2  3  4  5  6  7  8  9 10 |
---------------+-------------------------------+-----
Transmutations | 2 3 5 6 |  6.8
Poison Magic   | 1 2 3 |  3.0
Unarmed Combat | 4 5 7 8 9 |  9.2
Dodging        | 3 5 6 |  6.4
Fighting       | 2 3 4 5 |  5.5
Spellcasting   | 3 4 5 |  5.4
Ice Magic      | 1 |  1.7

Action                   |  1- 3 |  4- 6 |  7- 9 | 10-12 || total
-------------------------+-------+-------+-------+-------++-------
Melee: Unarmed           |    81 |   158 |   273 |    87 ||   599
       Kick              |    14 |    28 |    14 |     8 ||    64
       Peck              |     2 |    20 |     8 |     4 ||    34
       Punch             |     2 |     2 |     1 |     2 ||     7
       Headbutt          |     8 |    10 |     3 |     5 ||    26
 Cast: Beastly Appendage |    18 |     8 |     5 |     4 ||    35
       Spider Form       |     2 |     7 |    42 |     1 ||    52
       Ice Form          |       |       |       |     6 ||     6
       Blade Hands       |       |       |       |     1 ||     1
Invok: Lunge             |       |       |    13 |     9 ||    22
       Whirlwind         |       |       |       |     6 ||     6
 Abil: Fly               |       |     1 |       |       ||     1
  Use: Scroll            |       |     7 |     4 |     2 ||    13
       Potion            |       |     2 |     4 |       ||     6
 Stab: Sleeping          |       |     1 |     6 |     2 ||     9
Armor: Robe              |    26 |     8 |     3 |     6 ||    43
       Skin              |     2 |     1 |     7 |     8 ||    18
       Chain mail        |       |    52 |       |       ||    52
Dodge: Dodged            |    74 |    78 |   283 |    72 ||   507

Table legend: (Time is in decaauts)
 A = Elapsed time spent in this place.
 B = Non-inter-level travel time spent in this place.
 C = Inter-level travel time spent in this place.
 D = Time resting spent in this place.
 E = Time spent auto-exploring this place.
 F = Levels seen in this place.
 G = Mean time per level.
                   A        B        C        D        E       F      G
               +--------+--------+--------+--------+--------+-----+--------+
         Total |  11522 |  11087 |    435 |   2766 |   6758 |  13 |  886.3 |
       Dungeon |  11389 |  10981 |    408 |   2766 |   6653 |  12 |  949.1 |
        Temple |    132 |    106 |     26 |      0 |    104 |   1 |  132.0 |
               +--------+--------+--------+--------+--------+-----+--------+

Top non-repeatable levels by time:
     D:5: 1622 daAuts
     D:6: 1588 daAuts
     D:4: 1564 daAuts
     D:1: 1392 daAuts
     D:8: 1298 daAuts
     D:2: 1088 daAuts
     D:3: 1053 daAuts
    D:11: 794 daAuts
     D:7: 726 daAuts
     D:9: 156 daAuts
  Temple: 132 daAuts
    D:12: 93 daAuts
    D:10: 12 daAuts
